Arizona Coyotes vs New York Rangers
Created - Wednesday, May 8, 2024 at 07:56
Goals
|
| Arizona Coyotes |
0 |
2 |
0 |
0 |
2 |
2 |
| New York Rangers |
1 |
1 |
0 |
0 |
3 |
3 |
|
Shots
|
| Arizona Coyotes |
11 |
16 |
16 |
0 |
5 |
43 |
| New York Rangers |
12 |
14 |
8 |
0 |
5 |
34 |
|
1st period
1. New York Rangers , Eric Robinson 8 (David Kampf 14, Jake McCabe 10) at 4:01
Penalties :
Nathan MacKinnon (NYR) for Hooking (Minor) at 9:54
2nd period
2. Arizona Coyotes , James van Riemsdyk 18 (Jani Hakanpaa 17) at 2:34
3. New York Rangers , Mathew Barzal 32 (Nathan MacKinnon 41) at 4:31 (PP)
4. Arizona Coyotes , Charlie Coyle 21 (Claude Giroux 32, Jared Spurgeon 14) at 11:42
Penalties :
Radko Gudas (AZC) for Tripping (Minor) at 3:51
3rd period
No Goal
Penalties :
No Penalty
Overtime #1
No Goal
Penalties :
No Penalty
Shootout
Arizona Coyotes, Charlie Coyle - Shot Misses the Net
New York Rangers, Artemi Panarin - Stopped by Carter Hart
Arizona Coyotes, Claude Giroux - Shot Misses the Net
New York Rangers, Cole Caufield - Goal!
Arizona Coyotes, Mats Zuccarello - Goal!
New York Rangers, Pierre-Luc Dubois - Stopped by Carter Hart
Arizona Coyotes, Tyler Seguin - Goal!
New York Rangers, Mark Giordano - Goal!
Arizona Coyotes, Mason McTavish - Stopped by Tristan Jarry
New York Rangers, David Kampf - Goal!
Penalties :
No Penalty
Goalie Stats
Carter Hart (AZC), 32 saves from 34 shots - (0.941), OTL, 23-26-5, 65:00 minutes
Tristan Jarry (NYR), 41 saves from 43 shots - (0.953), W, 8-5-5, 65:00 minutes
Players Stats for Arizona Coyotes
Player Name G A P +/- PIM S H SB GA TA FO MP PP MP PK MP
------------------------------------------------------------------------------------
Brandon Tanev 0 0 0 0 0 2 1 0 0 0 0/1 8:06 0:00 0:00
Brayden McNabb 0 0 0 -1 0 1 0 3 0 0 0/0 26:00 0:56 0:00
Brock McGinn 0 0 0 0 0 1 0 1 0 0 0/0 7:54 0:00 0:00
Charlie Coyle 1 0 1 1 0 6 2 0 0 1 12/22 23:07 0:58 0:27
Claude Giroux 0 1 1 1 0 2 5 1 2 0 0/1 23:07 0:58 0:27
Erik Haula 0 0 0 0 0 0 2 0 2 0 8/16 14:54 0:00 0:00
Jakob Silfverberg 0 0 0 0 0 2 2 0 0 0 1/2 14:58 0:00 0:00
James van Riemsdyk 1 0 1 0 0 4 1 0 0 0 1/2 14:26 0:00 0:00
Jani Hakanpaa 0 1 1 2 0 0 4 2 1 1 0/0 24:02 1:03 0:40
Jared Spurgeon 0 1 1 2 0 4 2 0 0 2 0/0 24:10 1:03 0:40
Johnathan Kovacevic 0 0 0 0 0 1 1 1 0 1 0/0 14:48 0:00 0:00
Mason McTavish 0 0 0 0 0 5 3 0 3 0 2/3 17:04 1:01 0:00
Mats Zuccarello 0 0 0 1 0 5 4 1 1 0 1/1 22:53 0:58 0:13
Matt Dumba 0 0 0 0 0 2 0 1 0 0 0/0 15:12 0:00 0:00
Ondrej Palat 0 0 0 0 0 2 0 0 0 1 0/0 16:30 1:01 0:00
Radko Gudas 0 0 0 -1 2 6 3 3 0 2 0/0 25:47 0:56 0:00
Ross Colton 0 0 0 0 0 0 1 0 0 0 1/3 7:54 0:00 0:00
Tyler Seguin 0 0 0 0 0 0 2 0 0 0 11/22 18:27 1:01 0:13
Players Stats for New York Rangers
Player Name G A P +/- PIM S H SB GA TA FO MP PP MP PK MP
------------------------------------------------------------------------------------
Adam Larsson 0 0 0 -1 0 1 2 0 1 1 0/0 21:04 0:40 0:38
Artemi Panarin 0 0 0 -2 0 5 0 2 1 0 0/1 20:19 0:26 0:00
Cam Fowler 0 0 0 0 0 0 0 1 0 1 0/0 25:02 0:00 0:00
Cole Caufield 0 0 0 0 0 3 1 0 0 0 0/0 20:12 0:14 0:25
Conor Garland 0 0 0 0 0 6 1 0 0 0 0/0 12:17 0:00 0:00
David Kampf 0 1 1 1 0 2 1 0 0 0 2/3 9:26 0:00 0:50
Dmitry Kulikov 0 0 0 0 0 0 2 1 0 3 0/0 25:11 0:00 1:21
Eric Robinson 1 0 1 1 0 2 0 1 1 0 1/1 8:19 0:00 0:44
Filip Chytil 0 0 0 0 0 0 2 0 0 0 0/0 12:17 0:00 0:00
Gabriel Landeskog 0 0 0 0 0 2 5 2 0 0 1/1 19:31 0:26 0:00
Jake McCabe 0 1 1 0 0 0 2 1 0 0 0/0 18:39 0:00 0:00
Mark Giordano 0 0 0 -1 0 0 1 1 1 2 0/0 20:43 0:00 0:38
Mathew Barzal 1 0 1 0 0 3 0 0 0 0 7/21 18:48 0:14 0:00
Matthew Benning 0 0 0 0 0 1 0 1 0 0 0/0 18:41 0:00 1:21
Mikael Granlund 0 0 0 0 0 3 2 0 1 0 6/11 12:46 0:14 0:00
Nathan MacKinnon 0 1 1 -2 2 5 2 2 3 0 2/6 22:01 0:40 0:00
Pierre-Luc Dubois 0 0 0 -2 0 0 3 0 0 2 17/27 21:59 0:26 1:09
Tyler Motte 0 0 0 1 0 1 2 0 0 0 0/2 10:45 0:00 0:50
3 Stars
1 - Tristan Jarry (NYR)
2 - Jani Hakanpaa (AZC)
3 - Eric Robinson (NYR)
Power Play
Arizona Coyotes - 0 on 1 Attempt(s) - 0.00%
New York Rangers - 1 on 1 Attempt(s) - 100.00%
Penalty Kill
Arizona Coyotes - 0 on 1 Attempt(s) - 0.00%
- Score 0 goal in Penalty Kill
New York Rangers - 1 on 1 Attempt(s) - 100.00%
- Score 0 goal in Penalty Kill
Team Stat
Arizona Coyotes - Hits : 33 - Faceoff Wins : 37 - Blocked Shots : 13 - Penalty Minutes : 2
New York Rangers - Hits : 26 - Faceoff Wins : 36 - Blocked Shots : 12 - Penalty Minutes : 2
Official
Referees : Wes McCauley and Justin StPierre
Linesman : Steve Miller and David Brisebois
Game Notes
No Game Note
Finance
Level 1 -- Attendance: 4244 (70.73%) -- Ticket Income $432,888
Level 2 -- Attendance: 3646 (72.92%) -- Ticket Income $229,698
Level 3 -- Attendance: 1997 (66.57%) -- Ticket Income $81,877
Level 4 -- Attendance: 3300 (66.00%) -- Ticket Income $92,400
Luxury Box -- Attendance: 821 (82.10%) -- Ticket Income $160,095
Game was played at the Madison Square Garden.
Total Attendance: 14008 (70.04%)
Total Ticket Income: $996,958
Other Income: $348,935
Total Income: $1,345,893
Arizona Coyotes
5 vs 5 Forward
Center Left Wing Right Wing Time % Phy DF OF
1 Charlie Coyle Mats Zuccarello Claude Giroux 30 1 2 2
2 Tyler Seguin Mason McTavish Ondrej Palat 30 1 2 2
3 Erik Haula Jakob Silfverberg James van Riemsdyk 25 1 2 2
4 Ross Colton Brandon Tanev Brock McGinn 15 1 2 2
5 vs 5 Defense
Defense Defense Time % Phy DF OF
1 Jared Spurgeon Jani Hakanpaa 38 1 2 2
2 Brayden McNabb Radko Gudas 37 1 2 2
3 Johnathan Kovacevic Matt Dumba 25 1 2 2
4 Jared Spurgeon Jani Hakanpaa 0 1 2 2
PowerPlay Forward
Center Left Wing Right Wing Time % Phy DF OF
1 Charlie Coyle Mats Zuccarello Claude Giroux 50 1 2 2
2 Tyler Seguin Mason McTavish Ondrej Palat 50 1 2 2
PowerPlay Defense
Defense Defense Time % Phy DF OF
1 Jared Spurgeon Jani Hakanpaa 50 1 2 2
2 Brayden McNabb Radko Gudas 50 1 2 2
Penalty Kill 4 Players Forward
Center Wing Time % Phy DF OF
1 Charlie Coyle Claude Giroux 50 1 2 2
2 Mats Zuccarello Tyler Seguin 50 1 2 2
Penalty Kill 4 Players Defense
Defense Defense Time % Phy DF OF
1 Jared Spurgeon Jani Hakanpaa 50 1 2 2
2 Brayden McNabb Radko Gudas 50 1 2 2
Penalty Kill - 3 Players Forward
Forward Time % Phy DF OF
1 Charlie Coyle 50 1 2 2
2 Claude Giroux 50 1 2 2
Penalty Kill - 3 Players Defense
Defense Defense Time % Phy DF OF
1 Jared Spurgeon Jani Hakanpaa 50 1 2 2
2 Brayden McNabb Radko Gudas 50 1 2 2
4 vs 4 Forward
Center Wing Time % Phy DF OF
1 Charlie Coyle Claude Giroux 50 1 2 2
2 Mats Zuccarello Tyler Seguin 50 1 2 2
4 vs 4 Defense
Defense Defense Time % Phy DF OF
1 Jared Spurgeon Jani Hakanpaa 50 1 2 2
2 Brayden McNabb Radko Gudas 50 1 2 2
Last Minutes Offensive
Center Left Wing Right Wing Defense Defense
Charlie Coyle Mats Zuccarello Claude Giroux Jared Spurgeon Jani Hakanpaa
Last Minutes Defensive
Center Left Wing Right Wing Defense Defense
Charlie Coyle Mats Zuccarello Claude Giroux Jared Spurgeon Jani Hakanpaa
Goaltenders
Starting : Carter Hart
Backup : Jaroslav Halak
Extra Forwards
Normal : Erik Haula, Jakob Silfverberg, James van Riemsdyk - PP : Erik Haula, Jakob Silfverberg - PK : James van Riemsdyk
Extra Defensemen
Normal : Jared Spurgeon, Matt Dumba, Brayden McNabb - PP : Jani Hakanpaa - PK : Matt Dumba, Brayden McNabb
Penalty Shots
Charlie Coyle, Claude Giroux, Mats Zuccarello, Tyler Seguin, Mason McTavish
New York Rangers
5 vs 5 Forward
Center Left Wing Right Wing Time % Phy DF OF
1 Pierre-Luc Dubois Artemi Panarin Nathan MacKinnon 37 0 1 4
2 Mathew Barzal Cole Caufield Gabriel Landeskog 30 1 1 3
3 Mikael Granlund Filip Chytil Conor Garland 23 1 2 2
4 David Kampf Eric Robinson Tyler Motte 10 1 3 1
5 vs 5 Defense
Defense Defense Time % Phy DF OF
1 Cam Fowler Dmitry Kulikov 35 1 2 2
2 Adam Larsson Mark Giordano 33 1 2 2
3 Matthew Benning Jake McCabe 32 1 2 2
4 Cam Fowler Adam Larsson 0 1 2 2
PowerPlay Forward
Center Left Wing Right Wing Time % Phy DF OF
1 Pierre-Luc Dubois Gabriel Landeskog Artemi Panarin 50 0 1 4
2 Mikael Granlund Mathew Barzal Cole Caufield 50 0 1 4
PowerPlay Defense
Defense Defense Time % Phy DF OF
1 Nathan MacKinnon Adam Larsson 60 1 1 3
2 Filip Chytil Mark Giordano 40 1 1 3
Penalty Kill 4 Players Forward
Center Wing Time % Phy DF OF
1 Pierre-Luc Dubois Eric Robinson 50 1 3 1
2 David Kampf Tyler Motte 50 1 3 1
Penalty Kill 4 Players Defense
Defense Defense Time % Phy DF OF
1 Matthew Benning Dmitry Kulikov 50 1 3 1
2 Adam Larsson Mark Giordano 50 1 3 1
Penalty Kill - 3 Players Forward
Forward Time % Phy DF OF
1 Pierre-Luc Dubois 50 1 2 2
2 David Kampf 50 1 2 2
Penalty Kill - 3 Players Defense
Defense Defense Time % Phy DF OF
1 Matthew Benning Dmitry Kulikov 50 1 3 1
2 Adam Larsson Mark Giordano 50 1 3 1
4 vs 4 Forward
Center Wing Time % Phy DF OF
1 Nathan MacKinnon Artemi Panarin 50 0 2 3
2 Pierre-Luc Dubois Cole Caufield 50 0 2 3
4 vs 4 Defense
Defense Defense Time % Phy DF OF
1 Cam Fowler Adam Larsson 50 1 2 2
2 Dmitry Kulikov Mark Giordano 50 1 2 2
Last Minutes Offensive
Center Left Wing Right Wing Defense Defense
Nathan MacKinnon Cole Caufield Pierre-Luc Dubois Cam Fowler Adam Larsson
Last Minutes Defensive
Center Left Wing Right Wing Defense Defense
David Kampf Tyler Motte Mikael Granlund Dmitry Kulikov Adam Larsson
Goaltenders
Starting : Tristan Jarry
Backup : Igor Shesterkin
Extra Forwards
Normal : Nathan MacKinnon, Pierre-Luc Dubois, Gabriel Landeskog - PP : Gabriel Landeskog, Cole Caufield - PK : David Kampf
Extra Defensemen
Normal : Matthew Benning, Jake McCabe, Dmitry Kulikov - PP : Matthew Benning - PK : Jake McCabe, Dmitry Kulikov
Penalty Shots
Artemi Panarin, Cole Caufield, Pierre-Luc Dubois, Mark Giordano, David Kampf
% Time on Ice - Arizona Coyotes
Lines # - Real PCT - Wanted PCT - Time Play
Normal Forward
1 - 36% - 30% - 20:29
2 - 27% - 30% - 15:29
3 - 24% - 25% - 13:29
4 - 14% - 15% - 7:54
Normal Defense
1 - 35% - 38% - 20:10
2 - 40% - 37% - 23:03
3 - 25% - 25% - 14:08
4 - 0% - 0% - 0:00
PP Forward
1 - 49% - 50% - 0:58
2 - 51% - 50% - 1:01
PP Defense
1 - 53% - 50% - 1:03
2 - 47% - 50% - 0:56
PK Forward
1 - 68% - 50% - 0:27
2 - 33% - 50% - 0:13
PK Defense
1 - 100% - 50% - 0:40
2 - 0% - 50% - 0:00
PK3 Forward
1 - 0% - 50%
2 - 0% - 50%
PK3 Defense
1 - 0% - 50%
2 - 0% - 50%
44 Forward
1 - 55% - 50% - 2:44
2 - 45% - 50% - 2:16
44 Defense
1 - 60% - 50% - 2:59
2 - 40% - 50% - 2:01
Last Minute Offensive - 0:00
Last Minute Defensive - 0:00
Total
Forward - 65:00
Defense - 65:00
|
% Time on Ice - New York Rangers
Lines # - Real PCT - Wanted PCT - Time Play
Normal Forward
1 - 32% - 37% - 18:04
2 - 34% - 30% - 19:25
3 - 21% - 23% - 12:17
4 - 13% - 10% - 7:35
Normal Defense
1 - 38% - 35% - 21:40
2 - 31% - 33% - 17:55
3 - 29% - 32% - 16:51
4 - 2% - 0% - 0:55
PP Forward
1 - 65% - 50% - 0:26
2 - 35% - 50% - 0:14
PP Defense
1 - 100% - 60% - 0:40
2 - 0% - 40% - 0:00
PK Forward
1 - 58% - 50% - 1:09
2 - 42% - 50% - 0:50
PK Defense
1 - 68% - 50% - 1:21
2 - 32% - 50% - 0:38
PK3 Forward
1 - 0% - 50%
2 - 0% - 50%
PK3 Defense
1 - 0% - 50%
2 - 0% - 50%
44 Forward
1 - 50% - 50% - 2:29
2 - 50% - 50% - 2:31
44 Defense
1 - 57% - 50% - 2:50
2 - 43% - 50% - 2:10
Last Minute Offensive - 0:00
Last Minute Defensive - 0:00
Total
Forward - 65:00
Defense - 65:00
|
Play-by-Play
1st period
0:01 of 1st period - Pierre-Luc Dubois wins face-off versus Charlie Coyle in neutral zone.
0:04 of 1st period - Jani Hakanpaa is hit by Nathan MacKinnon and loses puck.
0:13 of 1st period - Snap shot by Claude Giroux.
0:13 of 1st period - Stopped by Tristan Jarry without a rebound.
0:14 of 1st period - Mathew Barzal wins face-off versus Tyler Seguin in New York Rangers zone.
0:28 of 1st period - Backhand shot by Cole Caufield.
0:28 of 1st period - Shot Misses the Net.
1:06 of 1st period - Snap shot by Artemi Panarin.
1:06 of 1st period - Shot Blocked by Matt Dumba.
1:10 of 1st period - Snap shot by Artemi Panarin.
1:10 of 1st period - Stopped by Carter Hart without a rebound.
1:11 of 1st period - Eric Robinson wins face-off versus Charlie Coyle in Arizona Coyotes zone.
1:26 of 1st period - Wrist shot by David Kampf.
1:26 of 1st period - Deflect By Charlie Coyle.
1:26 of 1st period - Stopped by Carter Hart without a rebound.
1:27 of 1st period - Tyler Seguin wins face-off versus Mathew Barzal in Arizona Coyotes zone.
2:25 of 1st period - Snap shot by Mats Zuccarello.
2:25 of 1st period - Stopped by Tristan Jarry without a rebound.
2:26 of 1st period - Ross Colton wins face-off versus Pierre-Luc Dubois in New York Rangers zone.
2:30 of 1st period - Slapshot by Radko Gudas.
2:30 of 1st period - Stopped by Tristan Jarry with a rebound.
2:32 of 1st period - Slapshot by Brock McGinn.
2:32 of 1st period - Stopped by Tristan Jarry without a rebound.
2:33 of 1st period - Pierre-Luc Dubois wins face-off versus Ross Colton in New York Rangers zone.
3:09 of 1st period - Slapshot by Ross Colton.
3:09 of 1st period - Shot Misses the Net.
3:11 of 1st period - Snap shot by Brandon Tanev.
3:11 of 1st period - Shot Misses the Net.
3:13 of 1st period - Wrist shot by Jared Spurgeon.
3:13 of 1st period - Deflect By Brock McGinn.
3:13 of 1st period - Shot Hit the Post.
3:13 of 1st period - Puck is out of play.
3:14 of 1st period - Gabriel Landeskog wins face-off versus Tyler Seguin in New York Rangers zone.
3:21 of 1st period - Radko Gudas is hit by Mark Giordano and loses puck.
3:42 of 1st period - Mark Giordano is hit by Claude Giroux and loses puck.
4:01 of 1st period - Slapshot by Eric Robinson.
4:01 of 1st period - Goal by Eric Robinson - Arizona Coyotes : 0 - New York Rangers : 1.
4:02 of 1st period - Mason McTavish wins face-off versus Mathew Barzal in neutral zone.
4:13 of 1st period - Wrist shot by Mason McTavish.
4:13 of 1st period - Shot Blocked by Gabriel Landeskog.
4:15 of 1st period - Slapshot by Johnathan Kovacevic.
4:15 of 1st period - Shot Misses the Net.
4:17 of 1st period - Slapshot by Johnathan Kovacevic.
4:17 of 1st period - Stopped by Tristan Jarry without a rebound.
4:18 of 1st period - Erik Haula wins face-off versus Tyler Motte in New York Rangers zone.
4:34 of 1st period - Icing by Dmitry Kulikov.
4:35 of 1st period - David Kampf wins face-off versus Charlie Coyle in New York Rangers zone.
4:35 of 1st period - David Kampf is hit by Claude Giroux.
5:09 of 1st period - Snap shot by Artemi Panarin.
5:09 of 1st period - Stopped by Carter Hart without a rebound.
5:10 of 1st period - Erik Haula wins face-off versus Mathew Barzal in Arizona Coyotes zone.
5:40 of 1st period - Wrist shot by Filip Chytil.
5:40 of 1st period - Deflect By Mikael Granlund.
5:40 of 1st period - Stopped by Carter Hart with a rebound.
6:02 of 1st period - Wrist shot by Artemi Panarin.
6:02 of 1st period - Stopped by Carter Hart without a rebound.
6:03 of 1st period - Mathew Barzal wins face-off versus Erik Haula in Arizona Coyotes zone.
7:59 of 1st period - Snap shot by Mason McTavish.
7:59 of 1st period - Stopped by Tristan Jarry without a rebound.
8:00 of 1st period - Mikael Granlund wins face-off versus Charlie Coyle in New York Rangers zone.
8:07 of 1st period - Snap shot by Conor Garland.
8:07 of 1st period - Stopped by Carter Hart with a rebound.
8:47 of 1st period - Icing by Jared Spurgeon.
8:48 of 1st period - David Kampf wins face-off versus Tyler Seguin in Arizona Coyotes zone.
8:51 of 1st period - Snap shot by Eric Robinson.
8:51 of 1st period - Stopped by Carter Hart without a rebound.
8:52 of 1st period - Mats Zuccarello wins face-off versus David Kampf in Arizona Coyotes zone.
9:17 of 1st period - Jani Hakanpaa is hit by Jake McCabe and loses puck.
9:42 of 1st period - Snap shot by David Kampf.
9:42 of 1st period - Stopped by Carter Hart without a rebound.
9:43 of 1st period - Erik Haula wins face-off versus Pierre-Luc Dubois in Arizona Coyotes zone.
9:43 of 1st period - Erik Haula is hit by Pierre-Luc Dubois.
9:54 of 1st period - Minor Penalty to Nathan MacKinnon for Hooking.
9:55 of 1st period - Pierre-Luc Dubois wins face-off versus Tyler Seguin in New York Rangers zone.
9:55 of 1st period - Pierre-Luc Dubois is hit by Mason McTavish.
10:18 of 1st period - Wrist shot by Mats Zuccarello.
10:18 of 1st period - Stopped by Tristan Jarry with a rebound.
11:28 of 1st period - Charlie Coyle is hit by Pierre-Luc Dubois and loses puck.
11:54 of 1st period - Penalty to Nathan MacKinnon is over, Nathan MacKinnon is back on ice.
12:30 of 1st period - Brock McGinn is hit by Tyler Motte.
12:54 of 1st period - Snap shot by Tyler Motte.
12:54 of 1st period - Stopped by Carter Hart without a rebound.
12:55 of 1st period - Mikael Granlund wins face-off versus Tyler Seguin in Arizona Coyotes zone.
13:43 of 1st period - Mark Giordano is hit by Jared Spurgeon and loses puck.
14:02 of 1st period - Slapshot by Nathan MacKinnon.
14:02 of 1st period - Stopped by Carter Hart without a rebound.
14:03 of 1st period - Mikael Granlund wins face-off versus Brandon Tanev in Arizona Coyotes zone.
14:50 of 1st period - Slapshot by Ross Colton.
14:50 of 1st period - Shot Misses the Net.
14:52 of 1st period - Slapshot by Radko Gudas.
14:52 of 1st period - Stopped by Tristan Jarry without a rebound.
14:53 of 1st period - Pierre-Luc Dubois wins face-off versus Tyler Seguin in New York Rangers zone.
15:07 of 1st period - Snap shot by Ondrej Palat.
15:07 of 1st period - Shot Misses the Net.
15:09 of 1st period - Slapshot by Brayden McNabb.
15:09 of 1st period - Shot Blocked by Jake McCabe.
15:23 of 1st period - Snap shot by Charlie Coyle.
15:23 of 1st period - Shot Misses the Net.
15:25 of 1st period - Slapshot by Radko Gudas.
15:25 of 1st period - Stopped by Tristan Jarry without a rebound.
15:26 of 1st period - Charlie Coyle wins face-off versus Mathew Barzal in New York Rangers zone.
15:31 of 1st period - Snap shot by Claude Giroux.
15:31 of 1st period - Stopped by Tristan Jarry with a rebound.
15:33 of 1st period - Snap shot by Claude Giroux.
15:33 of 1st period - Shot Misses the Net.
15:35 of 1st period - Snap shot by Mats Zuccarello.
15:35 of 1st period - Shot Blocked by Cam Fowler.
15:53 of 1st period - Cam Fowler is hit by Tyler Seguin and loses puck.
18:00 of 1st period - Matt Dumba is hit by Tyler Motte and loses puck.
18:19 of 1st period - Adam Larsson is hit by Mats Zuccarello and loses puck.
18:53 of 1st period - Wrist shot by Ondrej Palat.
18:53 of 1st period - Stopped by Tristan Jarry without a rebound.
18:54 of 1st period - Erik Haula wins face-off versus Mikael Granlund in New York Rangers zone.
19:01 of 1st period - Jakob Silfverberg is hit by Filip Chytil and loses puck.
19:29 of 1st period - Slapshot by Pierre-Luc Dubois.
19:29 of 1st period - Shot Misses the Net.
19:48 of 1st period - Snap shot by Artemi Panarin.
19:48 of 1st period - Stopped by Carter Hart without a rebound.
19:49 of 1st period - Charlie Coyle wins face-off versus Mathew Barzal in Arizona Coyotes zone.
Goals for this period are 0 for Arizona Coyotes vs 1 for New York Rangers.
Shots for this period are 11 for Arizona Coyotes vs 12 for New York Rangers.
2nd period
0:01 of 2nd period - Tyler Seguin wins face-off versus Pierre-Luc Dubois in neutral zone.
0:14 of 2nd period - Snap shot by Ondrej Palat.
0:14 of 2nd period - Shot Hit the Post.
0:16 of 2nd period - Slapshot by Mason McTavish.
0:16 of 2nd period - Stopped by Tristan Jarry with a rebound.
0:26 of 2nd period - Jani Hakanpaa is hit by Dmitry Kulikov and loses puck.
0:40 of 2nd period - Snap shot by Gabriel Landeskog.
0:40 of 2nd period - Shot Blocked by Mats Zuccarello.
0:57 of 2nd period - Icing by Jani Hakanpaa.
0:58 of 2nd period - Erik Haula wins face-off versus Pierre-Luc Dubois in Arizona Coyotes zone.
0:58 of 2nd period - Erik Haula is hit by Nathan MacKinnon.
1:04 of 2nd period - Jake McCabe is hit by James van Riemsdyk and loses puck.
1:13 of 2nd period - Slapshot by James van Riemsdyk.
1:13 of 2nd period - Stopped by Tristan Jarry without a rebound.
1:14 of 2nd period - Mathew Barzal wins face-off versus Tyler Seguin in New York Rangers zone.
1:19 of 2nd period - Brayden McNabb is hit by Gabriel Landeskog and loses puck.
1:28 of 2nd period - Wrist shot by Mason McTavish.
1:28 of 2nd period - Stopped by Tristan Jarry with a rebound.
1:30 of 2nd period - Snap shot by Mason McTavish.
1:30 of 2nd period - Stopped by Tristan Jarry without a rebound.
1:31 of 2nd period - Pierre-Luc Dubois wins face-off versus Charlie Coyle in New York Rangers zone.
1:31 of 2nd period - Pierre-Luc Dubois is hit by Claude Giroux.
1:45 of 2nd period - Snap shot by Nathan MacKinnon.
1:45 of 2nd period - Stopped by Carter Hart without a rebound.
1:46 of 2nd period - Mathew Barzal wins face-off versus Tyler Seguin in Arizona Coyotes zone.
1:47 of 2nd period - Slapshot by Gabriel Landeskog.
1:47 of 2nd period - Shot Blocked by Radko Gudas.
1:49 of 2nd period - Slapshot by Cole Caufield.
1:49 of 2nd period - Stopped by Carter Hart without a rebound.
1:50 of 2nd period - Mathew Barzal wins face-off versus Tyler Seguin in Arizona Coyotes zone.
1:53 of 2nd period - Snap shot by Gabriel Landeskog.
1:53 of 2nd period - Deflect By Mason McTavish.
1:53 of 2nd period - Shot Blocked by Radko Gudas.
1:53 of 2nd period - Puck is out of play.
1:54 of 2nd period - Tyler Seguin wins face-off versus Mathew Barzal in Arizona Coyotes zone.
2:14 of 2nd period - Mark Giordano is hit by Mason McTavish and loses puck.
2:26 of 2nd period - Off-side.
2:27 of 2nd period - Erik Haula wins face-off versus Nathan MacKinnon in neutral zone.
2:34 of 2nd period - Slapshot by James van Riemsdyk.
2:34 of 2nd period - Deflect By Artemi Panarin.
2:34 of 2nd period - Goal by James van Riemsdyk - Arizona Coyotes : 1 - New York Rangers : 1.
2:35 of 2nd period - Charlie Coyle wins face-off versus Artemi Panarin in neutral zone.
3:22 of 2nd period - Snap shot by Mathew Barzal.
3:22 of 2nd period - Shot Misses the Net.
3:24 of 2nd period - Snap shot by Cole Caufield.
3:24 of 2nd period - Stopped by Carter Hart with a rebound.
3:26 of 2nd period - Snap shot by Cole Caufield.
3:26 of 2nd period - Stopped by Carter Hart with a rebound.
3:51 of 2nd period - Minor Penalty to Radko Gudas for Tripping.
3:52 of 2nd period - Pierre-Luc Dubois wins face-off versus Charlie Coyle in Arizona Coyotes zone.
3:54 of 2nd period - Slapshot by Nathan MacKinnon.
3:54 of 2nd period - Stopped by Carter Hart with a rebound.
3:56 of 2nd period - Snap shot by Nathan MacKinnon.
3:56 of 2nd period - Deflect By Gabriel Landeskog.
3:56 of 2nd period - Shot Blocked by Jani Hakanpaa.
3:56 of 2nd period - Puck is out of play.
3:57 of 2nd period - Pierre-Luc Dubois wins face-off versus Charlie Coyle in Arizona Coyotes zone.
4:02 of 2nd period - Slapshot by Nathan MacKinnon.
4:02 of 2nd period - Shot Misses the Net.
4:29 of 2nd period - Slapshot by Nathan MacKinnon.
4:29 of 2nd period - Shot Blocked by Jani Hakanpaa.
4:31 of 2nd period - Snap shot by Nathan MacKinnon.
4:31 of 2nd period - Deflect By Mathew Barzal.
4:31 of 2nd period - Goal by Mathew Barzal - Arizona Coyotes : 1 - New York Rangers : 2.
4:32 of 2nd period - Pierre-Luc Dubois wins face-off versus Charlie Coyle in neutral zone.
4:35 of 2nd period - Jani Hakanpaa is hit by Adam Larsson and loses puck.
4:58 of 2nd period - Adam Larsson is hit by Jani Hakanpaa and loses puck.
5:12 of 2nd period - Icing by Conor Garland.
5:13 of 2nd period - Charlie Coyle wins face-off versus Mikael Granlund in New York Rangers zone.
5:24 of 2nd period - Johnathan Kovacevic is hit by Adam Larsson and loses puck.
5:31 of 2nd period - Wrist shot by Conor Garland.
5:31 of 2nd period - Stopped by Carter Hart without a rebound.
5:32 of 2nd period - Tyler Seguin wins face-off versus Pierre-Luc Dubois in Arizona Coyotes zone.
6:33 of 2nd period - Wrist shot by Claude Giroux.
6:33 of 2nd period - Deflect By Mats Zuccarello.
6:33 of 2nd period - Stopped by Tristan Jarry without a rebound.
6:34 of 2nd period - Pierre-Luc Dubois wins face-off versus Tyler Seguin in New York Rangers zone.
6:34 of 2nd period - Pierre-Luc Dubois is hit by Radko Gudas.
6:44 of 2nd period - Snap shot by Artemi Panarin.
6:44 of 2nd period - Shot Misses the Net.
6:46 of 2nd period - Slapshot by Matthew Benning.
6:46 of 2nd period - Deflect By Ondrej Palat.
6:46 of 2nd period - Stopped by Carter Hart with a rebound.
6:48 of 2nd period - Backhand shot by Artemi Panarin.
6:48 of 2nd period - Shot Misses the Net.
7:00 of 2nd period - Jake McCabe is hit by Mats Zuccarello and loses puck.
7:11 of 2nd period - Radko Gudas is hit by Cole Caufield.
7:17 of 2nd period - Conor Garland is hit by Charlie Coyle and loses puck.
7:43 of 2nd period - Wrist shot by Mikael Granlund.
7:43 of 2nd period - Shot Misses the Net.
7:45 of 2nd period - Wrist shot by Conor Garland.
7:45 of 2nd period - Stopped by Carter Hart with a rebound.
7:47 of 2nd period - Snap shot by Conor Garland.
7:47 of 2nd period - Stopped by Carter Hart with a rebound.
7:49 of 2nd period - Wrist shot by Adam Larsson.
7:49 of 2nd period - Stopped by Carter Hart with a rebound.
7:51 of 2nd period - Snap shot by Mikael Granlund.
7:51 of 2nd period - Shot Misses the Net.
7:53 of 2nd period - Slapshot by Mark Giordano.
7:53 of 2nd period - Shot Misses the Net.
7:55 of 2nd period - Snap shot by Mikael Granlund.
7:55 of 2nd period - Deflect By Mats Zuccarello.
7:55 of 2nd period - Stopped by Carter Hart with a rebound.
8:23 of 2nd period - Wrist shot by Filip Chytil.
8:23 of 2nd period - Shot Blocked by Brayden McNabb.
8:25 of 2nd period - Snap shot by Mikael Granlund.
8:25 of 2nd period - Stopped by Carter Hart without a rebound.
8:26 of 2nd period - Pierre-Luc Dubois wins face-off versus Erik Haula in Arizona Coyotes zone.
8:51 of 2nd period - Matt Dumba is hit by Dmitry Kulikov.
8:57 of 2nd period - Slapshot by Mathew Barzal.
8:57 of 2nd period - Shot Misses the Net.
9:13 of 2nd period - Snap shot by Ross Colton.
9:13 of 2nd period - Shot Blocked by Matthew Benning.
9:15 of 2nd period - Snap shot by Brandon Tanev.
9:15 of 2nd period - Shot Misses the Net.
9:17 of 2nd period - Slapshot by Jared Spurgeon.
9:17 of 2nd period - Stopped by Tristan Jarry without a rebound.
9:18 of 2nd period - Nathan MacKinnon wins face-off versus James van Riemsdyk in New York Rangers zone.
9:48 of 2nd period - Jake McCabe is hit by Jani Hakanpaa and loses puck.
10:11 of 2nd period - Wrist shot by Brandon Tanev.
10:11 of 2nd period - Stopped by Tristan Jarry without a rebound.
10:12 of 2nd period - Erik Haula wins face-off versus Pierre-Luc Dubois in New York Rangers zone.
10:25 of 2nd period - Backhand shot by Jakob Silfverberg.
10:25 of 2nd period - Shot Blocked by Nathan MacKinnon.
10:27 of 2nd period - Snap shot by Jakob Silfverberg.
10:27 of 2nd period - Shot Misses the Net.
11:36 of 2nd period - Snap shot by Jared Spurgeon.
11:36 of 2nd period - Stopped by Tristan Jarry with a rebound.
11:38 of 2nd period - Wrist shot by Charlie Coyle.
11:38 of 2nd period - Stopped by Tristan Jarry with a rebound.
11:40 of 2nd period - Snap shot by Claude Giroux.
11:40 of 2nd period - Shot Blocked by Artemi Panarin.
11:42 of 2nd period - Slapshot by Charlie Coyle.
11:42 of 2nd period - Goal by Charlie Coyle - Arizona Coyotes : 2 - New York Rangers : 2.
11:43 of 2nd period - Pierre-Luc Dubois wins face-off versus Erik Haula in neutral zone.
12:33 of 2nd period - Wrist shot by Jared Spurgeon.
12:33 of 2nd period - Stopped by Tristan Jarry with a rebound.
12:39 of 2nd period - Conor Garland is hit by Ross Colton and loses puck.
12:56 of 2nd period - Wrist shot by Mats Zuccarello.
12:56 of 2nd period - Shot Misses the Net.
12:58 of 2nd period - Snap shot by Charlie Coyle.
12:58 of 2nd period - Stopped by Tristan Jarry without a rebound.
12:59 of 2nd period - Charlie Coyle wins face-off versus Pierre-Luc Dubois in New York Rangers zone.
13:06 of 2nd period - Slapshot by Adam Larsson.
13:06 of 2nd period - Shot Blocked by Claude Giroux.
14:12 of 2nd period - Snap shot by Jakob Silfverberg.
14:12 of 2nd period - Shot Misses the Net.
14:14 of 2nd period - Slapshot by Johnathan Kovacevic.
14:14 of 2nd period - Shot Misses the Net.
14:16 of 2nd period - Slapshot by Johnathan Kovacevic.
14:16 of 2nd period - Shot Misses the Net.
14:18 of 2nd period - Backhand shot by Erik Haula.
14:18 of 2nd period - Shot Misses the Net.
14:34 of 2nd period - Wrist shot by Eric Robinson.
14:34 of 2nd period - Deflect By Tyler Motte.
14:34 of 2nd period - Shot Blocked by Brock McGinn.
14:34 of 2nd period - Puck is out of play.
14:35 of 2nd period - Mason McTavish wins face-off versus Mathew Barzal in Arizona Coyotes zone.
14:45 of 2nd period - Jani Hakanpaa is hit by Gabriel Landeskog and loses puck.
15:28 of 2nd period - Snap shot by Ross Colton.
15:28 of 2nd period - Shot Misses the Net.
15:30 of 2nd period - Slapshot by Jared Spurgeon.
15:30 of 2nd period - Stopped by Tristan Jarry without a rebound.
15:31 of 2nd period - Nathan MacKinnon wins face-off versus Ross Colton in New York Rangers zone.
15:35 of 2nd period - Icing by Pierre-Luc Dubois.
15:36 of 2nd period - Pierre-Luc Dubois wins face-off versus Tyler Seguin in New York Rangers zone.
15:36 of 2nd period - Pierre-Luc Dubois is hit by Mason McTavish.
16:29 of 2nd period - Jake McCabe is hit by Radko Gudas and loses puck.
16:50 of 2nd period - Wrist shot by Nathan MacKinnon.
16:50 of 2nd period - Stopped by Carter Hart without a rebound.
16:51 of 2nd period - Mathew Barzal wins face-off versus Jakob Silfverberg in Arizona Coyotes zone.
16:52 of 2nd period - Wrist shot by Cole Caufield.
16:52 of 2nd period - Deflect By Mathew Barzal.
16:52 of 2nd period - Shot Blocked by Johnathan Kovacevic.
16:52 of 2nd period - Puck is out of play.
16:53 of 2nd period - James van Riemsdyk wins face-off versus Mathew Barzal in Arizona Coyotes zone.
17:08 of 2nd period - Snap shot by Jakob Silfverberg.
17:08 of 2nd period - Deflect By James van Riemsdyk.
17:08 of 2nd period - Stopped by Tristan Jarry without a rebound.
17:09 of 2nd period - Charlie Coyle wins face-off versus Mikael Granlund in New York Rangers zone.
17:12 of 2nd period - Snap shot by Charlie Coyle.
17:12 of 2nd period - Stopped by Tristan Jarry without a rebound.
17:13 of 2nd period - Mikael Granlund wins face-off versus Charlie Coyle in New York Rangers zone.
17:50 of 2nd period - Cole Caufield is hit by Jared Spurgeon.
18:08 of 2nd period - Ross Colton is hit by David Kampf and loses puck.
18:47 of 2nd period - James van Riemsdyk is hit by Filip Chytil and loses puck.
19:52 of 2nd period - Off-side.
19:53 of 2nd period - Tyler Seguin wins face-off versus Pierre-Luc Dubois in neutral zone.
Goals for this period are 2 for Arizona Coyotes vs 1 for New York Rangers.
Shots for this period are 16 for Arizona Coyotes vs 14 for New York Rangers.
3rd period
0:01 of 3rd period - Pierre-Luc Dubois wins face-off versus Erik Haula in neutral zone.
0:10 of 3rd period - Wrist shot by James van Riemsdyk.
0:10 of 3rd period - Shot Misses the Net.
0:12 of 3rd period - Snap shot by Matt Dumba.
0:12 of 3rd period - Shot Misses the Net.
0:14 of 3rd period - Slapshot by Matt Dumba.
0:14 of 3rd period - Deflect By James van Riemsdyk.
0:14 of 3rd period - Shot Blocked by Nathan MacKinnon.
0:14 of 3rd period - Puck is out of play.
0:15 of 3rd period - Mathew Barzal wins face-off versus Claude Giroux in New York Rangers zone.
0:24 of 3rd period - Slapshot by Mathew Barzal.
0:24 of 3rd period - Shot Blocked by Brayden McNabb.
0:26 of 3rd period - Slapshot by Cam Fowler.
0:26 of 3rd period - Shot Blocked by Radko Gudas.
0:50 of 3rd period - Slapshot by Jakob Silfverberg.
0:50 of 3rd period - Stopped by Tristan Jarry without a rebound.
0:51 of 3rd period - Pierre-Luc Dubois wins face-off versus Erik Haula in New York Rangers zone.
0:51 of 3rd period - Pierre-Luc Dubois is hit by Jani Hakanpaa.
1:03 of 3rd period - Artemi Panarin is hit by Jakob Silfverberg and loses puck.
1:27 of 3rd period - Jake McCabe is hit by Johnathan Kovacevic and loses puck.
1:40 of 3rd period - Jake McCabe is hit by Brandon Tanev and loses puck.
1:45 of 3rd period - Wrist shot by Brandon Tanev.
1:45 of 3rd period - Shot Misses the Net.
1:55 of 3rd period - Radko Gudas is hit by Conor Garland and loses puck.
2:35 of 3rd period - Snap shot by Nathan MacKinnon.
2:35 of 3rd period - Stopped by Carter Hart without a rebound.
2:36 of 3rd period - Charlie Coyle wins face-off versus Mathew Barzal in Arizona Coyotes zone.
3:13 of 3rd period - Adam Larsson is hit by Erik Haula and loses puck.
4:06 of 3rd period - Slapshot by Ross Colton.
4:06 of 3rd period - Shot Misses the Net.
4:08 of 3rd period - Slapshot by Jared Spurgeon.
4:08 of 3rd period - Deflect By Mats Zuccarello.
4:08 of 3rd period - Shot Misses the Net.
4:08 of 3rd period - Puck is out of play.
4:09 of 3rd period - Charlie Coyle wins face-off versus Mathew Barzal in New York Rangers zone.
4:14 of 3rd period - Snap shot by Claude Giroux.
4:14 of 3rd period - Shot Misses the Net.
4:16 of 3rd period - Wrist shot by Charlie Coyle.
4:16 of 3rd period - Stopped by Tristan Jarry with a rebound.
4:18 of 3rd period - Slapshot by Matt Dumba.
4:18 of 3rd period - Shot Misses the Net.
4:20 of 3rd period - Slapshot by Matt Dumba.
4:20 of 3rd period - Stopped by Tristan Jarry with a rebound.
4:36 of 3rd period - Cole Caufield is hit by Jakob Silfverberg and loses puck.
4:49 of 3rd period - Jakob Silfverberg is hit by Jake McCabe and loses puck.
5:27 of 3rd period - Ross Colton is hit by Mikael Granlund and loses puck.
5:34 of 3rd period - Wrist shot by Radko Gudas.
5:34 of 3rd period - Stopped by Tristan Jarry without a rebound.
5:35 of 3rd period - Mikael Granlund wins face-off versus Charlie Coyle in New York Rangers zone.
5:35 of 3rd period - Mikael Granlund is hit by Charlie Coyle.
6:08 of 3rd period - Wrist shot by Tyler Motte.
6:08 of 3rd period - Shot Misses the Net.
6:24 of 3rd period - Snap shot by Mason McTavish.
6:24 of 3rd period - Shot Misses the Net.
6:26 of 3rd period - Backhand shot by Matt Dumba.
6:26 of 3rd period - Stopped by Tristan Jarry without a rebound.
6:27 of 3rd period - Pierre-Luc Dubois wins face-off versus Mason McTavish in New York Rangers zone.
7:45 of 3rd period - Snap shot by Mats Zuccarello.
7:45 of 3rd period - Shot Blocked by Eric Robinson.
7:47 of 3rd period - Slapshot by Brayden McNabb.
7:47 of 3rd period - Stopped by Tristan Jarry without a rebound.
7:48 of 3rd period - Pierre-Luc Dubois wins face-off versus Erik Haula in New York Rangers zone.
8:03 of 3rd period - Snap shot by James van Riemsdyk.
8:03 of 3rd period - Shot Blocked by Artemi Panarin.
8:28 of 3rd period - Snap shot by Artemi Panarin.
8:28 of 3rd period - Stopped by Carter Hart without a rebound.
8:29 of 3rd period - Tyler Seguin wins face-off versus Mathew Barzal in Arizona Coyotes zone.
8:29 of 3rd period - Tyler Seguin is hit by Gabriel Landeskog.
8:41 of 3rd period - Slapshot by Gabriel Landeskog.
8:41 of 3rd period - Stopped by Carter Hart without a rebound.
8:42 of 3rd period - Tyler Seguin wins face-off versus Mathew Barzal in Arizona Coyotes zone.
8:47 of 3rd period - Slapshot by Ondrej Palat.
8:47 of 3rd period - Stopped by Tristan Jarry with a rebound.
8:49 of 3rd period - Slapshot by Radko Gudas.
8:49 of 3rd period - Stopped by Tristan Jarry without a rebound.
8:50 of 3rd period - Tyler Seguin wins face-off versus Mathew Barzal in New York Rangers zone.
9:36 of 3rd period - Icing by Nathan MacKinnon.
9:37 of 3rd period - Charlie Coyle wins face-off versus Pierre-Luc Dubois in New York Rangers zone.
10:20 of 3rd period - Ondrej Palat is hit by Gabriel Landeskog and loses puck.
10:41 of 3rd period - Snap shot by Jakob Silfverberg.
10:41 of 3rd period - Stopped by Tristan Jarry with a rebound.
10:43 of 3rd period - Wrist shot by James van Riemsdyk.
10:43 of 3rd period - Stopped by Tristan Jarry without a rebound.
10:44 of 3rd period - Charlie Coyle wins face-off versus Tyler Motte in New York Rangers zone.
10:55 of 3rd period - Snap shot by Mats Zuccarello.
10:55 of 3rd period - Shot Misses the Net.
11:32 of 3rd period - Snap shot by Cole Caufield.
11:32 of 3rd period - Deflect By Mathew Barzal.
11:32 of 3rd period - Stopped by Carter Hart with a rebound.
11:34 of 3rd period - Slapshot by Cole Caufield.
11:34 of 3rd period - Shot Misses the Net.
11:36 of 3rd period - Wrist shot by Gabriel Landeskog.
11:36 of 3rd period - Stopped by Carter Hart with a rebound.
11:38 of 3rd period - Wrist shot by Gabriel Landeskog.
11:38 of 3rd period - Shot Misses the Net.
12:31 of 3rd period - Dmitry Kulikov is hit by Claude Giroux and loses puck.
13:10 of 3rd period - Backhand shot by Charlie Coyle.
13:10 of 3rd period - Stopped by Tristan Jarry with a rebound.
13:12 of 3rd period - Slapshot by Radko Gudas.
13:12 of 3rd period - Stopped by Tristan Jarry without a rebound.
13:13 of 3rd period - Pierre-Luc Dubois wins face-off versus Erik Haula in New York Rangers zone.
13:18 of 3rd period - Jani Hakanpaa is hit by Pierre-Luc Dubois and loses puck.
13:39 of 3rd period - Jani Hakanpaa is hit by Mikael Granlund and loses puck.
13:57 of 3rd period - Icing by Matthew Benning.
13:58 of 3rd period - Tyler Seguin wins face-off versus Mikael Granlund in New York Rangers zone.
14:01 of 3rd period - Wrist shot by Mason McTavish.
14:01 of 3rd period - Stopped by Tristan Jarry without a rebound.
14:02 of 3rd period - Tyler Seguin wins face-off versus Nathan MacKinnon in New York Rangers zone.
14:06 of 3rd period - Icing by Adam Larsson.
14:07 of 3rd period - Tyler Seguin wins face-off versus Pierre-Luc Dubois in New York Rangers zone.
14:42 of 3rd period - Snap shot by Ross Colton.
14:42 of 3rd period - Deflect By Brandon Tanev.
14:42 of 3rd period - Stopped by Tristan Jarry without a rebound.
14:43 of 3rd period - Mikael Granlund wins face-off versus Erik Haula in New York Rangers zone.
14:48 of 3rd period - Slapshot by Conor Garland.
14:48 of 3rd period - Stopped by Carter Hart with a rebound.
14:50 of 3rd period - Wrist shot by Conor Garland.
14:50 of 3rd period - Stopped by Carter Hart without a rebound.
14:51 of 3rd period - Erik Haula wins face-off versus Mikael Granlund in Arizona Coyotes zone.
15:25 of 3rd period - Slapshot by Ross Colton.
15:25 of 3rd period - Shot Misses the Net.
15:37 of 3rd period - Wrist shot by Mathew Barzal.
15:37 of 3rd period - Deflect By Cole Caufield.
15:37 of 3rd period - Shot Blocked by Brayden McNabb.
15:37 of 3rd period - Puck is out of play.
15:38 of 3rd period - Charlie Coyle wins face-off versus Mathew Barzal in Arizona Coyotes zone.
15:38 of 3rd period - Charlie Coyle is hit by Gabriel Landeskog.
16:04 of 3rd period - Slapshot by Claude Giroux.
16:04 of 3rd period - Shot Blocked by Dmitry Kulikov.
16:34 of 3rd period - Cole Caufield is hit by Radko Gudas and loses puck.
17:10 of 3rd period - Wrist shot by Mats Zuccarello.
17:10 of 3rd period - Shot Blocked by Gabriel Landeskog.
17:20 of 3rd period - Snap shot by Mathew Barzal.
17:20 of 3rd period - Shot Misses the Net.
17:30 of 3rd period - Snap shot by Mathew Barzal.
17:30 of 3rd period - Stopped by Carter Hart with a rebound.
18:19 of 3rd period - Wrist shot by Mathew Barzal.
18:19 of 3rd period - Shot Misses the Net.
18:49 of 3rd period - Backhand shot by Mats Zuccarello.
18:49 of 3rd period - Stopped by Tristan Jarry with a rebound.
19:23 of 3rd period - Wrist shot by Mats Zuccarello.
19:23 of 3rd period - Stopped by Tristan Jarry without a rebound.
19:24 of 3rd period - Jakob Silfverberg wins face-off versus Nathan MacKinnon in New York Rangers zone.
19:39 of 3rd period - Snap shot by Jakob Silfverberg.
19:39 of 3rd period - Shot Blocked by Mark Giordano.
19:51 of 3rd period - Adam Larsson is hit by Jani Hakanpaa.
Goals for this period are 0 for Arizona Coyotes vs 0 for New York Rangers.
Shots for this period are 16 for Arizona Coyotes vs 8 for New York Rangers.
Overtime #1
0:01 of 1st overtime period - Charlie Coyle wins face-off versus Nathan MacKinnon in neutral zone.
0:34 of 1st overtime period - Dmitry Kulikov is hit by Mats Zuccarello and loses puck.
1:51 of 1st overtime period - Adam Larsson is hit by Claude Giroux.
2:01 of 1st overtime period - Adam Larsson is hit by Tyler Seguin and loses puck.
2:08 of 1st overtime period - Cam Fowler is hit by Mats Zuccarello and loses puck.
4:14 of 1st overtime period - Mark Giordano is hit by Erik Haula and loses puck.
Goals for this period are 0 for Arizona Coyotes vs 0 for New York Rangers.
Shots for this period are 0 for Arizona Coyotes vs 0 for New York Rangers.
ShootOut
5:00 of 1st overtime period - Round #1.
5:00 of 1st overtime period - Arizona Coyotes, Charlie Coyle.
5:00 of 1st overtime period - Deke by Charlie Coyle.
5:00 of 1st overtime period - Shot Misses the Net.
5:00 of 1st overtime period - New York Rangers, Artemi Panarin.
5:00 of 1st overtime period - Snap shot by Artemi Panarin.
5:00 of 1st overtime period - Stopped by Carter Hart.
5:00 of 1st overtime period - Round #2.
5:00 of 1st overtime period - Arizona Coyotes, Claude Giroux.
5:00 of 1st overtime period - Wrist shot by Claude Giroux.
5:00 of 1st overtime period - Shot Misses the Net.
5:00 of 1st overtime period - New York Rangers, Cole Caufield.
5:00 of 1st overtime period - Snap shot by Cole Caufield.
5:00 of 1st overtime period - Goal by Cole Caufield.
5:00 of 1st overtime period - Round #3.
5:00 of 1st overtime period - Arizona Coyotes, Mats Zuccarello.
5:00 of 1st overtime period - Deke by Mats Zuccarello.
5:00 of 1st overtime period - Goal by Mats Zuccarello.
5:00 of 1st overtime period - New York Rangers, Pierre-Luc Dubois.
5:00 of 1st overtime period - Snap shot by Pierre-Luc Dubois.
5:00 of 1st overtime period - Stopped by Carter Hart.
5:00 of 1st overtime period - Round #4.
5:00 of 1st overtime period - Arizona Coyotes, Tyler Seguin.
5:00 of 1st overtime period - Wrist shot by Tyler Seguin.
5:00 of 1st overtime period - Goal by Tyler Seguin.
5:00 of 1st overtime period - New York Rangers, Mark Giordano.
5:00 of 1st overtime period - Wrist shot by Mark Giordano.
5:00 of 1st overtime period - Goal by Mark Giordano.
5:00 of 1st overtime period - Round #5.
5:00 of 1st overtime period - Arizona Coyotes, Mason McTavish.
5:00 of 1st overtime period - Backhand shot by Mason McTavish.
5:00 of 1st overtime period - Stopped by Tristan Jarry.
5:00 of 1st overtime period - New York Rangers, David Kampf.
5:00 of 1st overtime period - Backhand shot by David Kampf.
5:00 of 1st overtime period - Goal by David Kampf.
Back to the Top